 Dungeon Crawl Stone Soup version 0.25-a0-670-g50981ef (webtiles) character file.

Game seed: 16209284178151302649, levelgen mode: deterministic

61582 Faels the Severer (level 14, -7/100 HPs)
             Began as a Demonspawn Fighter on Mar 28, 2020.
             Was a High Priest of Okawaru.
             Mangled by Agnes
             ... wielding a +0 lajatang of electrocution
              (20 damage)
             ... on level 14 of the Dungeon on Mar 29, 2020.
             The game lasted 01:15:11 (25431 turns).

Faels the Severer (Demonspawn Fighter)             Turns: 25431, Time: 01:15:12

Health: -7/100     AC: 27    Str: 24    XL:     14   Next: 61%
Magic:  0/18       EV: 12    Int: 10    God:    Okawaru [*****.]
Gold:   863        SH: 22    Dex: 15    Spells: 13/13 levels left

rFire    . . .     SeeInvis .   M - +6 broad axe (vorpal)
rCold    + + .     Gourm    .   c - +5 kite shield
rNeg     + . .     Faith    .   B - +2 plate armour of Indemnity {rPois rC+ rCorr Dex+2}
rPois    +         Spirit   +   k - +0 helmet
rElec    .         Reflect  +   h - +0 cloak
rCorr    +         Harm     .   N - +2 pair of gloves {Str+3}
MR       +....                  G - +1 pair of boots {run}
Stlth    ..........             i - +4 amulet of reflection
HPRegen  0.26/turn              X - ring of positive energy
MPRegen  0.32/turn              b - ring of protection from cold

@: heroism, quick
A: claws 2, icy blue scales 1, powered by pain 3, magic shield, magic
regeneration
a: Heroism, Finesse, Renounce Religion


You were on level 14 of the Dungeon.
You worshipped Okawaru.
Okawaru was extremely pleased with you.
You were not hungry.

You visited 4 branches of the dungeon, and saw 21 of its levels.
You also visited: Volcano.

You collected 2194 gold pieces.
You spent 1331 gold pieces at shops.

Inventory:

Hand Weapons
 M - a +6 vorpal broad axe (weapon)
 T - a +1 hand axe of flaming
 Y - a +3 eveningstar of draining
Missiles
 z - 3 javelins
 F - 67 poisoned darts (quivered)
Armour
 c - a +5 kite shield (worn)
 h - a +0 cloak (worn)
 k - a +0 helmet (worn)
 B - the +2 plate armour of Indemnity (worn) {rPois rC+ rCorr Dex+2}
   (You bought it in a shop on level 2 of the Orcish Mines)

   It affects your dexterity (+2).
   It protects you from cold.
   It protects you from poison.
   It provides partial protection from all sources of acid and corrosion.
 G - a +1 pair of boots of running (worn)
 H - a +2 chain mail of fire resistance
 K - the +7 chain mail of Sohes {MR++ Int+2}
   (You took it off a big kobold on level 8 of the Dungeon)

   It affects your intelligence (+2).
   It affects your resistance to hostile enchantments.
 N - a +2 pair of gloves of strength (worn)
 S - the +2 chain mail "Udo Hiru" {rElec}
   (You found it on level 3 of the Lair of Beasts)

   It insulates you from electricity.
Jewellery
 b - a ring of protection from cold (right hand)
 g - an uncursed ring of fire
 i - a +4 amulet of reflection (around neck)
 r - an uncursed ring of resist corrosion
 s - an uncursed ring of protection from magic
 v - an uncursed ring of magical power
 J - an uncursed amulet of rage
 X - a ring of positive energy (left hand)
Wands
 a - a wand of polymorph (5)
 l - a wand of flame (27)
 y - a wand of acid (18)
 A - a wand of digging (19)
 L - a wand of paralysis (21)
 O - a wand of enslavement (7)
 R - a wand of iceblast (6)
Scrolls
 e - 9 scrolls of remove curse
 n - 6 scrolls of teleportation
 p - 2 scrolls of fog
 t - 2 scrolls of fear
 C - a scroll of blinking
Potions
 d - 4 potions of might
 j - 3 potions of haste
 m - 4 potions of flight
 o - a potion of brilliance {unknown}
 u - 9 potions of curing
 w - a potion of heal wounds
 D - a potion of invisibility {unknown}
 E - a potion of mutation {unknown}
 P - 3 potions of berserk rage
 Q - 4 potions of lignification
 U - 3 potions of magic
 Z - 2 potions of stabbing
Miscellaneous
 V - a fan of gales
Comestibles
 f - 30 rations
 q - 5 chunks of flesh


   Skills:
 + Level 6.2(11.2) Fighting
 - Level 17.0(23.0) Axes
 - Level 10.7(20.0) Maces & Flails
 - Level 2.0(7.0) Throwing
 + Level 5.6(10.6) Armour
 + Level 6.1(11.1) Dodging
 + Level 5.6(10.6) Shields
 - Level 5.8 Invocations
 + Level 2.5 Evocations


You had 13 spell levels left.
You didn't know any spells.
Your spell library contained the following spells:

 Spells                   Type           Power        Failure   Level  Hunger
 Animate Skeleton         Necr           N/A          100%        1    ##.....
 Beastly Appendage        Tmut           #.....       100%        1    ##.....
 Corona                   Hex            #......      100%        1    ##.....
 Magic Dart               Conj           #...         100%        1    ##.....
 Pain                     Necr           #...         100%        1    ##.....
 Blink                    Tloc           N/A          100%        2    ###....
 Call Imp                 Summ           #.......     100%        2    ###....
 Poisonous Vapours        Pois/Air       #.....       100%        2    ###....
 Slow                     Hex            #.......     100%        2    ###....
 Sticks to Snakes         Tmut           #.......     100%        2    ###....
 Conjure Flame            Conj/Fire      #.......     100%        3    ####...
 Inner Flame              Hex/Fire       #.......     100%        3    ####...
 Mephitic Cloud           Conj/Pois/Air  #.......     100%        3    ####...
 Portal Projectile        Hex/Tloc       #.....       100%        3    ####...
 Spider Form              Tmut/Pois      #.........   100%        3    ####...
 Vampiric Draining        Necr           #.........   100%        3    ####...
 Animate Dead             Necr           N/A          100%        4    #####..
 Cause Fear               Hex            #.........   100%        4    #####..
 Ice Form                 Ice/Tmut       #.......     100%        4    #####..
 Leda's Liquefaction      Hex/Erth       #.........   100%        4    #####..
 Agony                    Necr           #.......     100%        5    ######.
 Blade Hands              Tmut           #.........   100%        5    ######.
 Freezing Cloud           Conj/Ice/Air   #.........   100%        6    #######
 Ring of Flames           Chrm/Fire      #.........   100%        7    #######


Dungeon Overview and Level Annotations

Branches:
Dungeon (11/15)            Temple (1/1) D:7            Lair (6/6) D:8
  Swamp (0/4) Lair:3        Snake (0/4) Lair:2        Slime (0/5) Lair:6
    Orc (2/2) D:11            Elf (0/3) Orc:2       Volcano (visited)

Altars:
Ashenzari
Cheibriados
Dithmenos
Elyvilon
Fedhas
Gozag
Hepliaklqana
Kikubaaqudgha
Makhleb
Nemelex Xobeh
Okawaru
Qazlal
Ru
Sif Muna
Trog
Uskayaw
Vehumet
Wu Jian
Xom
Yredelemnul
Zin
The Shining One
Jiyva

Shops:
D:8 %   D:10 :   Orc:1 }?   Orc:2 [:[[=

Portals:
Hell: Lair:6

Annotations:
D:14 Agnes
Lair:5 1 runed translucent door, Remcycle's ghost, journeyman FoFi


Innate Abilities, Weirdness & Mutations

You have very sharp fingernails.
You are partially covered in icy blue scales. (AC +2)
You are powered by pain.
When hurt, damage is shared between your health and your magic reserves.
You regenerate magic rapidly.


Message History

Agnes hits you but does no damage.
You miss Agnes.
Agnes is heavily wounded.
Agnes says, "You will find the Path of Peace easy to follow, in death."
You block Agnes's attack.
Agnes hits you with a +0 lajatang of electrocution!
You slice Agnes!!
Agnes is almost dead.
Agnes hits you with a +0 lajatang of electrocution!
You are electrocuted!
You miss Agnes.
Agnes is almost dead.
Agnes hits you with a +0 lajatang of electrocution!
* * * LOW HITPOINT WARNING * * *
You are electrocuted!!
* * * LOW HITPOINT WARNING * * *
You miss Agnes.
Agnes is almost dead.
Agnes hits you with a +0 lajatang of electrocution!!
You die...

....### .......
....... #......
#...... #......
#......###########
#.....pi@.........#
......z#..........#
.......#.>........#
.......#..........#
#......#..........#
#......###....(...#
#...... #.....###
#...... #)....#
..z.. #.()).#


You could see Agnes, a death knight and a skeletal warrior.

Vanquished Creatures
  2 stone giants
  A dire elephant (Lair:6)
  6 hydras
  Erolcha (D:9)
  6 two-headed ogres
  Erica (D:9)
  2 catoblepae
  10 death yaks
  A sun demon (Orc:2)
  A sixfirhy (Lair:6)
  2 unseen horrors
  A skeletal warrior (D:14)
  A wizard (Lair:6)
  An oklob plant (Lair:5)
  An orc sorcerer (Orc:2)
  7 elephants (Lair:4)
  5 black mambas
  A torpor snail (Lair:3)
  7 spiny frogs
  2 gargoyles
  A smoke demon (Lair:6)
  3 rime drakes
  Maggie (D:7)
  An efreet (Volcano)
  7 komodo dragons
  A freezing wraith (D:14)
  3 red devils (Lair:6)
  2 ice devils (Lair:6)
  6 trolls
  A polar bear (Lair:3)
  6 dream sheep (Lair:4)
  2 slime creatures (D:14)
  7 hippogriffs
  9 blink frogs
  32 yaks
  Sigmund (D:4)
  2 basilisks
  2 hogs (D:8)
  4 wyverns
  A human (D:8)
  2 fire elementals (Volcano)
  4 hungry ghosts
  Edmund (D:5)
  11 water moccasins
  5 hell hounds (Lair:6)
  5 porcupines
  17 orc warriors
  4 ice beasts
  A sky beast (D:4)
  A necrophage (D:8)
  12 centaurs
  14 ogres
  5 wolves (Lair:1)
  13 crocodiles
  2 big kobolds
  2 earth elementals (Volcano)
  A wyvern zombie (D:10)
  17 bullfrogs
  A gnoll sergeant (D:8)
  5 scorpions
  10 killer bees
  2 water moccasin skeletons (D:8)
  2 wights (D:8)
  9 howler monkeys
  3 electric eels
  9 crimson imps
  10 hounds
  2 bullfrog zombies
  2 centaur zombies (D:10)
  3 jellies
  A quasit (D:11)
  A bullfrog skeleton (D:8)
  A centaur skeleton (D:4)
  7 orc priests
  4 iguanas
  18 orc wizards
  12 worker ants
  A killer bee zombie (D:7)
  3 hound zombies
  A worker ant zombie (D:11)
  7 gnolls
  11 adders
  4 shadow imps
  12 white imps (D:11)
  2 oozes (D:3)
  3 adder skeletons
  An adder zombie (D:7)
  3 worms
  4 dart slugs
  6 leopard geckos
  55 orcs
  7 giant cockroaches
  7 goblins
  5 hobgoblins
  12 jackals
  14 kobolds
  9 quokkas
  A ball python (D:6)
  3 bats
  5 frilled lizards
  2 jackal skeletons (D:4)
  A leopard gecko zombie (D:6)
  A quokka skeleton (D:8)
  A quokka zombie (D:6)
  10 rats
  A spectral orc (D:3)
  7 fungi
  5 plants
574 creatures vanquished.

Vanquished Creatures (others)
  A centaur (D:8)
  2 orcs
  A bush (Lair:5)
  8 fungi
  10 plants
22 creatures vanquished.

Grand Total: 596 creatures vanquished

Notes
Turn   | Place    | Note
-------+----------+-------------------------------------------
     0 | D:1      | Faels the Demonspawn Fighter began the quest for the Orb.
     0 | D:1      | Reached XP level 1. HP: 18/18 MP: 1/1
    32 | D:1      | Reached skill level 2 in Axes
   150 | D:1      | Gained mutation: You sometimes gain a little power by
                  | taking damage. [demonic ancestry]
   150 | D:1      | Reached XP level 2. HP: 24/24 MP: 2/2
   532 | D:1      | Reached skill level 1 in Dodging
   784 | D:1      | Gained mutation: You are partially covered in icy blue
                  | scales. (AC +2) [demonic ancestry]
   784 | D:1      | Reached XP level 3. HP: 29/29 MP: 3/3
   789 | D:1      | Reached skill level 3 in Axes
  1256 | D:2      | Found an iron altar of Okawaru.
  1264 | D:2      | Became a worshipper of Warmaster Okawaru
  1279 | D:2      | Reached XP level 4. HP: 34/35 MP: 4/4
  1511 | D:2      | Found an opulent altar of Gozag.
  1928 | D:3      | Reached skill level 4 in Axes
  2526 | D:3      | Found a basalt altar of Yredelemnul.
  2700 | D:2      | Reached XP level 5. HP: 23/41 MP: 5/5
  3043 | D:3      | Upgraded the game from 0.25-a0-668-gea548f1 to
                  | 0.25-a0-670-g50981ef
  3370 | D:4      | Noticed Sigmund
  3379 | D:4      | Killed Sigmund
  3379 | D:4      | Reached * piety under Okawaru
  3379 | D:4      | Reached skill level 5 in Axes
  3379 | D:4      | Reached XP level 6. HP: 47/47 MP: 6/6
  3644 | D:4      | Reached skill level 6 in Axes
  3835 | D:4      | Noticed a sky beast
  3843 | D:4      | Killed a sky beast
  3843 | D:4      | Gained mutation: You have sharp fingernails. [demonic
                  | ancestry]
  3843 | D:4      | Reached XP level 7. HP: 52/52 MP: 7/7
  4186 | D:4      | Found a white marble altar of Elyvilon.
  4234 | D:4      | Found a sparkling altar of Nemelex Xobeh.
  4288 | D:4      | Reached ** piety under Okawaru
  4520 | D:5      | Entered Level 5 of the Dungeon
  4520 | D:5      | Found a shadowy altar of Dithmenos.
  4542 | D:5      | Reached skill level 7 in Axes
  4542 | D:5      | Reached skill level 1 in Throwing
  4876 | D:5      | Noticed Edmund
  4912 | D:5      | Killed Edmund
  4912 | D:5      | Gained mutation: You sometimes gain power by taking damage.
                  | [demonic ancestry]
  4912 | D:5      | Reached XP level 8. HP: 16/58 MP: 8/8
  5243 | D:5      | Found a burning altar of Makhleb.
  5248 | D:5      | Reached skill level 1 in Maces & Flails
  5822 | D:6      | Found a hide-covered altar of Uskayaw.
  6270 | D:6      | Noticed a +0 hand axe
  6289 | D:6      | Noticed a +0 dagger
  6368 | D:6      | Reached *** piety under Okawaru
  6372 | D:6      | Reached skill level 5 in Maces & Flails
  6756 | D:6      | Gained mutation: When hurt, damage is shared between your
                  | health and your magic reserves. [demonic ancestry]
  6756 | D:6      | Reached XP level 9. HP: 54/63 MP: 9/9
  6858 | D:7      | Noticed Maggie
  6873 | D:7      | Killed Maggie
  7108 | D:7      | Reached **** piety under Okawaru
  7282 | D:7      | Found a staircase to the Ecumenical Temple.
  7294 | Temple   | Entered the Ecumenical Temple
  7958 | D:8      | Noticed a troll
  7969 | D:8      | Killed a troll
  8051 | D:8      | Noticed a gargoyle
  8064 | D:8      | Killed a gargoyle
  8118 | D:8      | Found Owiwi's Food Shop.
  8226 | D:8      | Found a staircase to the Lair.
  8261 | D:8      | Reached skill level 10 in Maces & Flails
  8261 | D:8      | Reached XP level 10. HP: 57/70 MP: 7/10
  8462 | D:8      | Reached ***** piety under Okawaru
  8523 | D:8      | Identified the +7 chain mail of Sohes {MR++ Int+2}
  8702 | D:8      | Received a gift from Okawaru
  8743 | D:8      | Reached skill level 8 in Axes
  9379 | D:8      | Reached skill level 9 in Axes
  9385 | D:8      | Noticed a two-headed ogre
  9425 | D:8      | Killed a two-headed ogre
  9644 | D:8      | Reached skill level 10 in Axes
  9773 | D:8      | Received a gift from Okawaru
 10075 | D:9      | Noticed a two-headed ogre
 10156 | D:9      | Noticed Erolcha
 10263 | D:9      | Killed Erolcha
 10263 | D:9      | Gained mutation: You have very sharp fingernails. [demonic
                  | ancestry]
 10263 | D:9      | Reached XP level 11. HP: 75/75 MP: 11/11
 10266 | D:9      | Killed a two-headed ogre
 10276 | D:9      | Reached skill level 11 in Axes
 10567 | D:9      | Noticed Erica
 10578 | D:9      | Killed Erica
 10744 | D:9      | Noticed a two-headed ogre
 10752 | D:9      | Killed a two-headed ogre
 11008 | D:10     | Entered Level 10 of the Dungeon
 11029 | D:10     | Found Wimas's Book Shoppe.
 11174 | D:10     | Noticed a two-headed ogre
 11179 | D:10     | Identified the cursed +0 falchion of Repuak {vorpal, SInv}
 11204 | D:10     | Killed a two-headed ogre
 11204 | D:10     | Received a gift from Okawaru
 11204 | D:10     | Reached skill level 12 in Axes
 11388 | D:10     | Got an ancient executioner's axe {god gift}
 11456 | D:9      | Identified the +1 executioner's axe "Feuppaxt" {protect,
                  | +Inv rF+ rN+ Int+2} (Okawaru gifted it to you on level 10
                  | of the Dungeon)
 11747 | D:10     | Noticed a two-headed ogre
 11762 | D:10     | Killed a two-headed ogre
 12570 | D:10     | Reached skill level 13 in Axes
 12700 | Lair:1   | Entered Level 1 of the Lair of Beasts
 12706 | Lair:1   | Received a gift from Okawaru
 13169 | Lair:1   | Noticed a four-headed hydra
 13180 | Lair:1   | Killed a one-headed hydra
 13227 | Lair:1   | Reached XP level 12. HP: 81/81 MP: 12/12
 14149 | Lair:2   | Reached skill level 14 in Axes
 14529 | Lair:2   | Found a staircase to the Snake Pit.
 15369 | Lair:3   | Found a staircase to the Swamp.
 15387 | Lair:3   | Noticed a catoblepas
 15411 | Lair:3   | HP: 2/81 [catoblepas (24)]
 15413 | Lair:3   | Killed a catoblepas
 15943 | Lair:3   | Reached skill level 15 in Axes
 15966 | Lair:3   | Noticed a five-headed hydra
 15980 | Lair:3   | HP: 3/81 [two-headed hydra (5)]
 15981 | Lair:3   | HP: 1/81 [one-headed hydra (3)]
 15982 | Lair:3   | Killed a one-headed hydra
 16363 | Lair:3   | Noticed a seven-headed hydra
 16378 | Lair:3   | Killed a one-headed hydra
 16764 | Lair:3   | Found a runed translucent door.
 16796 | Lair:3   | Noticed a four-headed hydra
 16835 | Lair:3   | Killed a one-headed hydra
 16835 | Lair:3   | Received a gift from Okawaru
 16853 | Lair:3   | Got a smelly chain mail
 16864 | Lair:3   | Identified the +2 chain mail "Udo Hiru" {rElec} (You found
                  | it on level 3 of the Lair of Beasts)
 17652 | Lair:4   | Gained mutation: You are powered by pain. [demonic
                  | ancestry]
 17652 | Lair:4   | Reached XP level 13. HP: 86/86 MP: 11/13
 17665 | Lair:4   | Reached skill level 16 in Axes
 17672 | Lair:4   | Received a gift from Okawaru
 19409 | Lair:5   | Reached skill level 17 in Axes
 19423 | Lair:5   | Reached skill level 1 in Invocations
 20603 | Lair:5   | Found a runed translucent door.
 20603 | Lair:5   | Found a shimmering altar of Xom.
 20603 | Lair:5   | Noticed Remcycle's ghost (journeyman FoFi)
 21080 | Lair:6   | Entered Level 6 of the Lair of Beasts
 21250 | Lair:6   | Found a dark tunnel.
 21269 | Volcano  | Entered a volcano
 21413 | Volcano  | Noticed a stone giant
 21423 | Volcano  | Killed a stone giant
 21423 | Volcano  | Received a gift from Okawaru
 21645 | Lair:6   | Gained mutation: You regenerate magic rapidly. [demonic
                  | ancestry]
 21645 | Lair:6   | Reached XP level 14. HP: 96/96 MP: 17/17
 22184 | Lair:6   | Reached skill level 5 in Dodging
 22265 | Lair:6   | Reached skill level 5 in Fighting
 22265 | Lair:6   | Reached skill level 5 in Invocations
 22332 | Lair:6   | Found a burning altar of Makhleb.
 22342 | Lair:6   | Received a gift from Okawaru
 22814 | Lair:6   | Found a viscous altar of Jiyva.
 22815 | Lair:6   | Found a staircase to the Slime Pits.
 22974 | Lair:6   | Found a gateway to Hell.
 23570 | D:11     | Found a frozen archway.
 23611 | D:11     | Reached skill level 5 in Armour
 23845 | D:11     | Reached skill level 5 in Shields
 23861 | D:11     | Found a staircase to the Orcish Mines.
 23874 | Orc:1    | Entered Level 1 of the Orcish Mines
 23967 | Orc:1    | Found Xigaofome's Magic Scroll Shop.
 23972 | Orc:1    | Found Oxur's Gadget Boutique.
 23982 | Orc:1    | Bought a scroll of enchant armour for 127 gold pieces
 23982 | Orc:1    | Bought a scroll of identify for 34 gold pieces
 24313 | Orc:1    | Found a bloodstained altar of Trog.
 24412 | Orc:2    | Entered Level 2 of the Orcish Mines
 24412 | Orc:2    | Found Zoazabuo's Armour Shop.
 24413 | Orc:2    | Found Eputoff's Book Shop.
 24432 | Orc:2    | Found Bazahosu's Antique Armour Emporium.
 24584 | Orc:2    | Found Elovas Haet's Armour Emporium.
 24584 | Orc:2    | Found Okoef's Jewellery Boutique.
 24595 | Orc:2    | Bought the +2 plate armour of Indemnity {rPois rC+ rCorr
                  | Dex+2} for 732 gold pieces
 24595 | Orc:2    | Bought a +1 pair of boots of running for 438 gold pieces
 24726 | Orc:2    | Found a staircase to the Elven Halls.
 24817 | Orc:2    | Reached skill level 1 in Evocations
 24818 | Orc:2    | Received a gift from Okawaru
 24882 | Orc:2    | Noticed a stone giant
 24898 | Orc:2    | Killed a stone giant
 25354 | D:11     | You fall into a shaft and drop 3 floors!
 25395 | D:14     | Noticed Agnes
 25431 | D:14     | Mangled by Agnes

Levels and vault maps discovered:
D:1:      minmay_arrival_hallway, layout_rooms
D:2:      layout_basic, lemuel_crystal_altar, grunt_gozag_statues, first_ration
D:3:      layout_basic, yredelemnul_forgotten_temple_becter, minivault_5,
          nrook_mini_vaults
D:4:      minmay_chambers_of_threes, layout_basic, minitemple, uniq_sigmund
D:5:      layout_basic, bloody_makhleb, grunt_dithmenos_smoke_and_mirrors,
          kennysheep_nondescript, uniq_edmund
D:6:      minmay_octagon_keep, layout_cave_pods, dancing_weapons_uskayaw
D:7:      layout_basic, minmay_temple_entry_antechambers, uniq_maggie
D:8:      minmay_quarter_circles, layout_basic, supply_closet_lemuel,
          grunt_livestock, nicolae_shop_scaring_up_business
D:9:      layout_cave_pools, st_stairs_9, uniq_erica, uniq_erolcha
D:10:     layout_basic, serial_shops, shop, minmay_diced_spiral
D:11:     layout_cave_pools, david_orc_4, portal_ice_cave_entry_imps
D:14:     layout_irregular_city, ximxim_vaults_locker_room,
          minmay_staircase_windowed_small, uniq_agnes
Temple:   dpeg_chambers_temple
Lair:1:   layout_misc_corridors, chequers_serial_rivers_small_3,
          grunt_megastairs_2
Lair:2:   layout_loops_ring, guppyfry_snake_entry_island, minivault_23,
          serial_bayou_shore_a, infiniplex_staircase_pool, serial_bayou_shore_b
Lair:3:   layout_small_grid, swamp_mist, pf_torpor_hydra
Lair:4:   layout_regular_city, serial_bayou_shore_b, grunt_megastairs_1,
          lemuel_fruit_tree
Lair:5:   beast_lair_carwin_large_3, layout_regular_city, ebering_ghost_xom,
          minmay_lair_oklob_items
Lair:6:   evil_forest, layout_hall_layers, slime_altar_1,
          nicolae_volcano_entry_two_sided, lemuel_fruit_fields
Orc:1:    layout_caves, serial_shops, shop, shop, trog_butcher_becter
Orc:2:    pf_orc_diabolical, layout_diamond_mine, serial_shops,
          nicolae_shop_trees, shop_statue, shop, shop, nicolae_shop_crystal

Skill      XL: |  1  2  3  4  5  6  7  8  9 10 11 12 13 14 |
---------------+-------------------------------------------+-----
Axes           | 2 3 4 5 6 7 10 13 15 17 | 17.0
Dodging        | 1 2 3 4 6 |  6.1
Throwing       | 2 |  2.0
Maces & Flails | 6 10 | 10.7
Invocations    | 4 5 |  5.8
Armour         | 4 5 |  5.6
Shields        | 4 5 |  5.6
Fighting       | 4 6 |  6.2
Evocations     | 2 |  2.5

Action                   |  1- 3 |  4- 6 |  7- 9 | 10-12 | 13-15 || total
-------------------------+-------+-------+-------+-------+-------++-------
Melee: War axe           |   110 |   196 |    62 |       |       ||   368
       Whip              |       |     6 |       |       |       ||     6
       Flail             |       |       |   302 |    59 |       ||   361
       Broad axe         |       |       |       |   488 |   676 ||  1164
       Executioner's axe |       |       |       |   110 |       ||   110
       Scimitar          |       |       |       |    35 |    16 ||    51
Throw: Boomerang         |       |       |     4 |       |       ||     4
       Dart              |       |       |    11 |    13 |    25 ||    49
Invok: Heroism           |       |       |     6 |    10 |    14 ||    30
       Finesse           |       |       |       |     3 |     5 ||     8
Evoke: Wand              |       |       |     1 |     7 |     1 ||     9
  Use: Scroll            |     1 |     7 |     3 |    12 |    11 ||    34
       Potion            |       |     2 |     1 |     2 |     3 ||     8
  Eat: Chunk             |     1 |     9 |    13 |    28 |    19 ||    70
       Ration            |       |       |     2 |     2 |     2 ||     6
Armor: Scale mail        |    40 |     2 |       |       |       ||    42
       Chain mail        |       |    86 |    62 |   110 |    26 ||   284
       Swamp dragon scal |       |       |    53 |   188 |    93 ||   334
       Plate armour      |       |       |       |       |    35 ||    35
Dodge: Dodged            |    25 |    30 |    75 |   263 |   146 ||   539
Block: Kite shield       |    87 |   156 |   220 |   383 |   423 ||  1269
       Reflection        |     6 |     9 |    13 |    12 |    23 ||    63
       Other             |       |       |       |     3 |       ||     3
       Rpst.: Scimitar   |       |       |       |     1 |       ||     1

Table legend:
 A = Non-vault XP
 B = Vault XP
 C = Vault XP percentage of total XP
 D = Non-vault monster count
 E = Vault monster count
 F = Vault count percentage of total count
                 A         B        C        D         E       F
            +---------+---------+-------+---------+---------+-------
      Total |   59305 |   28670 |  32.6 |     407 |     158 |  28.0
            +---------+---------+-------+---------+---------+-------
        D:1 |      41 |       0 |   0.0 |      21 |       0 |   0.0
        D:2 |     114 |       0 |   0.0 |      23 |       0 |   0.0
        D:3 |     125 |       1 |   0.8 |      27 |       1 |   3.6
        D:4 |     469 |     348 |  42.6 |      16 |       8 |  33.3
        D:5 |     473 |     173 |  26.8 |       8 |       1 |  11.1
        D:6 |     734 |     320 |  30.4 |      14 |      10 |  41.7
        D:7 |     764 |     389 |  33.7 |      24 |       1 |   4.0
        D:8 |    1942 |    4667 |  70.6 |      40 |      36 |  47.4
        D:9 |    2743 |    1889 |  40.8 |      19 |       3 |  13.6
       D:10 |    4288 |     334 |   7.2 |      31 |       5 |  13.9
       D:11 |    2874 |     825 |  22.3 |      20 |      26 |  56.5
       D:14 |    4409 |       0 |   0.0 |      12 |       0 |   0.0
     Lair:1 |    2120 |     137 |   6.1 |      10 |       1 |   9.1
     Lair:2 |    5743 |       0 |   0.0 |      27 |       0 |   0.0
     Lair:3 |    7955 |    1439 |  15.3 |      25 |       2 |   7.4
     Lair:4 |    6310 |     467 |   6.9 |      21 |       3 |  12.5
     Lair:5 |    5987 |    5480 |  47.8 |      18 |      12 |  40.0
     Lair:6 |    7359 |    8139 |  52.5 |      10 |      25 |  71.4
      Orc:1 |    1451 |     231 |  13.7 |      17 |       4 |  19.0
      Orc:2 |    3404 |    1523 |  30.9 |      24 |      14 |  36.8
    Volcano |       0 |    2308 | 100.0 |       0 |       6 | 100.0
            +---------+---------+-------+---------+---------+-------
